 Dungeon Crawl Stone Soup version 0.29.1-15-g9cfb28693d (webtiles) character file.

Game seed: 9275891566641275379

150 manyhoops the Insei (level 5, -1/51 HPs)
             Began as an Octopode Transmuter on Apr 11, 2023.
             Slain by Duvessa
             ... wielding a +0 short sword
              (7 damage)
             ... on level 4 of the Dungeon.
             The game lasted 00:03:19 (3246 turns).

manyhoops the Insei (Octopode Transmuter)           Turns: 3246, Time: 00:03:20

Health: -1/51      AC: 22    Str: 11    XL:     5   Next: 32%
Magic:  8/8        EV:  2    Int: 16    God:
Gold:   109        SH:  0    Dex: 12    Spells: 1/8 levels left

rFire   + . .      SeeInvis .   t - +1 dagger (venom)
rCold   + + +      Faith    .   (no shield)
rNeg    . . .      Spirit   .   (helmet currently unavailable)
rPois   +          Reflect  .   l - amulet of regeneration
rElec   +          Harm     .   p - ring of protection from cold
rCorr   +          Rampage  .   d - ring of protection from cold
Will    .....      NoTele   +   (no ring)
Stlth   ++........              (no ring)
HPRegen 0.97/turn               (no ring)
MPRegen 0.11/turn               (no ring)
                                (no ring)
                                (no ring)

@: tree-form, resistant
A: stationary, stasis, torment immunity, boosted hp, almost no armour,
(amphibious), 8 rings, (camouflage 1), (gelatinous body 1), (nimble swimmer 1),
(tentacles)
a: no special abilities


You were on level 4 of the Dungeon.
You were a tree.
You visited 1 branch of the dungeon, and saw 4 of its levels.

You collected 109 gold pieces.

Inventory:

Hand Weapons
 t - a +1 dagger of venom (weapon)
Jewellery
 d - a ring of protection from cold (right branch)
 l - an amulet of regeneration (around neck)
 p - a ring of protection from cold (left branch)
Wands
 k - a wand of iceblast (6)
 s - a wand of acid (9)
Scrolls
 e - a scroll of blinking
 f - a scroll of summoning
 h - a scroll of magic mapping
 j - a scroll of torment
 m - a scroll of enchant armour {unknown}
 n - a scroll of noise {unknown}
 o - a scroll of teleportation {unknown}
 q - a scroll of identify
 r - a scroll of immolation {unknown}
Potions
 i - a potion of degeneration {unknown}


   Skills:
 - Level 2.2 Fighting
 - Level 2.0 Dodging
 + Level 4.1 Stealth
 - Level 4.4 Unarmed Combat
 - Level 2.0 Spellcasting
 - Level 2.0 Transmutations


You had one spell level left.
You knew the following spells:

 Your Spells              Type           Power      Damage    Failure   Level
a - Beastly Appendage     Tmut           16%        N/A       9%          1
b - Wereblood             Tmut           8%         N/A       14%         2
c - Ice Form              Ice/Tmut       4%         N/A       80%         4

Your spell library contained the following spells:

 Spells                   Type           Power      Damage    Failure   Level
 Magic Dart               Conj           4%         1d3       21%         1
 Searing Ray              Conj           2%         2d4       30%         2
 Spider Form              Tmut/Pois      4%         N/A       38%         3
 Anguish                  Hex/Necr       0%         N/A       90%         4
 Fulminant Prism          Conj/Hex       0%         3d6       90%         4
 Enfeeble                 Hex            0%         N/A       100%        7


Dungeon Overview and Level Annotations

Branches:
Dungeon (4/15)
 Temple: D:4-7

Altars:
Ru
Sif Muna

Shops:
D:2 (

Annotations:
D:3 1 runed translucent door, kwasso's ghost, amateur OpEE
D:4 Duvessa


Innate Abilities, Weirdness & Mutations

You are a tree.
Your roots penetrate the ground, keeping you stationary.
You cannot be teleported.
You are immune to unholy pain and torment.
Your maximum health is greatly increased.
You cannot wear most types of armour.
((You are amphibious.))
You can wear up to eight rings at the same time.
((Your skin changes colour to match your surroundings (Stealth+).))
((Your rubbery body absorbs attacks. (AC +1, EV +1)))
((You are camouflaged when in or above water. (Stealth+)))
((You have tentacles for arms and can constrict up to eight enemies at once.))


Message History

You hit Duvessa but do no damage.
Duvessa is severely wounded.
Duvessa hits you but does no damage.
You closely miss Duvessa.
Duvessa is severely wounded.
Duvessa hits you with a +0 short sword!
* * * LOW HITPOINT WARNING * * *
Duvessa hits you but does no damage.
Unknown command.
It was a potion of resistance.
You feel protected. Duvessa hits you with a +0 short sword!
* * * LOW HITPOINT WARNING * * *
It was a potion of curing.
You feel better. Duvessa hits you with a +0 short sword!
* * * LOW HITPOINT WARNING * * *
Duvessa hits you but does no damage.
You hit Duvessa but do no damage.
Duvessa is almost dead.
Duvessa hits you but does no damage.
Unknown command.
You hit Duvessa but do no damage.
Duvessa is almost dead.
Duvessa hits you with a +0 short sword.
* * * LOW HITPOINT WARNING * * *
Duvessa hits you but does no damage.
Unknown command.
You barely miss Duvessa.
Duvessa is almost dead.
Duvessa hits you but does no damage.
Unknown command.
You hit Duvessa but do no damage.
Duvessa is almost dead.
Duvessa hits you but does no damage. Duvessa hits you with a +0 short sword.
* * * LOW HITPOINT WARNING * * *
Unknown command.
You hit Duvessa but do no damage.
Duvessa is almost dead.
Duvessa hits you with a +0 short sword!
You die... .######## .....Be♣# #########

You could see Duvessa (berserk, fast, very poisoned) and a giant cockroach.

Vanquished Creatures
  Dowan (D:4)
  5 adders
  4 dart slugs
  2 orcs (D:3)
  7 endoplasms
  6 goblins
  5 hobgoblins
  2 kobolds
  A quokka (D:1)
  3 ball pythons
  3 bats
  4 frilled lizards
  4 rats
47 creatures vanquished.

Vanquished Creatures (others)
  2 endoplasms (D:2)
2 creatures vanquished.

Grand Total: 49 creatures vanquished

Notes
Turn   | Place    | Note
-------+----------+-------------------------------------------
     0 | D:1      | manyhoops the Octopode Transmuter began the quest for the
                  | Orb.
     0 | D:1      | Reached XP level 1. HP: 13/13 MP: 3/3
   268 | D:1      | Reached XP level 2. HP: 16/18 MP: 3/5
   940 | D:2      | Reached XP level 3. HP: 15/24 MP: 4/6
  1153 | D:2      | Found Xewkesi's Weapon Shoppe.
  1771 | D:2      | Reached XP level 4. HP: 29/29 MP: 5/7
  1839 | D:2      | Found a shimmering blue altar of Sif Muna.
  2377 | D:3      | Noticed kwasso's ghost (amateur OpEE)
  2380 | D:3      | Found a runed translucent door.
  2454 | D:3      | Found a sacrificial altar of Ru.
  2596 | D:3      | Learned a level 2 spell: Wereblood
  2601 | D:3      | Learned a level 4 spell: Ice Form
  2698 | D:3      | Reached skill level 1 in Stealth
  3209 | D:4      | Noticed Duvessa
  3209 | D:4      | Noticed Dowan
  3224 | D:4      | Killed Dowan
  3225 | D:4      | Reached XP level 5. HP: 34/34 MP: 8/8
  3246 | D:4      | Slain by Duvessa

Illustrated notes

Levels and vault maps discovered:
D:1:      minmay_arrival_glassed_features, layout_rooms
D:2:      layout_loops_ring, basic_altar, serial_shops,
          nicolae_shop_bloodbath_and_beyond, serial_park_tiny_pond,
          lemuel_flame_loot_1
D:3:      layout_loops_ring, mainiacjoe_overflow_paths,
          hellmonk_ghost_happy_afterlife
D:4:      layout_basic, lemuel_zombie_altar_kikubaaqudgha, temple_green,
          lightli_sewer_entry_pipes, uniq_duvessa

Skill      XL: |  1  2  3  4 |
---------------+-------------+-----
Unarmed Combat | 4 |  4.4
Fighting       | 2 |  2.2
Stealth        | 4 |  4.1
Dodging        | |  2.0
Spellcasting   | |  2.0
Transmutations | |  2.0

Action                   |  1- 3 |  4- 6 || total
-------------------------+-------+-------++-------
Melee: Unarmed           |    37 |       ||    37
       Constrict         |    12 |    10 ||    22
       Kick              |    12 |     4 ||    16
       Tentacles         |     9 |     9 ||    18
       Whip              |    24 |    21 ||    45
       Dagger            |       |    42 ||    42
       Punch             |       |     2 ||     2
 Cast: Beastly Appendage |    14 |     8 ||    22
  Use: Scroll            |       |     4 ||     4
       Potion            |       |     3 ||     3
 Stab: Sleeping          |     3 |     7 ||    10
Armor: Skin              |     4 |    30 ||    34
Dodge: Dodged            |    40 |    13 ||    53
